 Dungeon Crawl Stone Soup version 0.20-a0-33-g996f6e0 (webtiles) character file.

83 Faca the Vandal (level 4, 0/29 HPs)
             Began as a Halfling Hunter on Nov 9, 2016.
             Slain by a gnoll
             ... wielding a +0 halberd
              (6 damage)
             ... on level 3 of the Dungeon on Nov 10, 2016.
             The game lasted 00:20:57 (1910 turns).

Faca the Vandal (Halfling Hunter)                   Turns: 1910, Time: 00:20:58

Health: 0/29       AC:  4    Str: 13    XL:     4   Next: 71%
Magic:  4/4        EV: 13    Int:  9    God:
Gold:   86         SH:  0    Dex: 15    Spells: 1 memorised, 2 levels left

rFire  . . .     SeeInvis .     a - +1 hunting sling
rCold  . . .     Gourm    .     c - +0 leather armour
rNeg   . . .     Faith    .     (shield restricted)
rPois  .         Spirit   .     u - +0 helmet
rElec  .         Reflect  .     (no cloak)
rCorr  .         Harm     .     (no gloves)
MR     .....                    (no boots)
Stlth  +.........               (no amulet)
                                (no ring)
                                (no ring)

@: heavily drained
A: mutation resistance 1
a: no special abilities


You were on level 3 of the Dungeon.
You were not hungry.

You visited 1 branch of the dungeon, and saw 3 of its levels.

You collected 86 gold pieces.

Inventory:

Hand Weapons
 a - a +1 hunting sling (weapon)
 b - a +0 short sword
Missiles
 d - 8 sling bullets
 e - 2 tomahawks
 g - 59 stones (quivered)
 j - 16 poisoned needles
Armour
 c - a +0 leather armour (worn)
 u - a +0 helmet (worn)
Jewellery
 n - an uncursed amulet of harm
Wands
 o - a wand of iceblast (14/15)
Scrolls
 h - a scroll of recharging
 k - a scroll of teleportation {unknown}
 r - 2 scrolls of remove curse
 s - a scroll of immolation
Potions
 i - 2 potions of cure mutation {unknown}
 p - a potion of invisibility {unknown}
 q - a potion of agility {unknown}
Books
 m - Vehumet's Handbook of Conjuration
   (You found it on level 2 of the Dungeon)

   Spells                             Type                      Level
   a - Magic Dart                     Conjuration                  1
Comestibles
 f - 2 bread rations
 l - a meat ration
 t - a slice of pizza


   Skills:
 + Level 2.2(1.0) Fighting
 + Level 7.8(6.3) Slings
 + Level 0.7(0.0) Armour
 + Level 2.3(1.1) Dodging
 + Level 1.1(0.0) Stealth


You had 2 spell levels left.
You knew the following spells:

 Your Spells              Type           Power        Failure   Level  Hunger
a - Magic Dart            Conj           #...         54%         1    ##.....


Dungeon Overview and Level Annotations

Branches:
Dungeon (3/15)

Altars:
Ashenzari
Hepliaklqana
Kikubaaqudgha
Makhleb
Nemelex Xobeh
Sif Muna
Vehumet
Xom


Innate Abilities, Weirdness & Mutations

You are small and have problems with some larger weapons.
You are somewhat resistant to further mutation.


Message History

The stone hits the gnoll but does no damage.
The gnoll is heavily wounded.
The gnoll hits you with a halberd! The gnoll barely misses you.
Firing (i - inventory. (,) - cycle):
g - 61 stones (quivered)
Press: ? - help, Shift-Dir - straight line, f/p - gnoll
Aim: a gnoll, wielding a halberd (heavily wounded)
You shoot a stone.
The stone hits the gnoll but does no damage.
The gnoll is heavily wounded.
The gnoll barely misses you. The gnoll hits you with a halberd!
* * * LOW HITPOINT WARNING * * *
An orc priest comes into view. It is wielding a flail.
The gnoll barely misses you.
Firing (i - inventory. (,) - cycle):
g - 60 stones (quivered)
Press: ? - help, Shift-Dir - straight line, f/p - gnoll
Aim: a gnoll, wielding a halberd (moderately wounded)
You shoot a stone. The stone barely misses the gnoll.
The stone completely misses the gnoll.
The gnoll hits you from afar with a halberd.
You die...

#.....>....# ####.#
#..# #.####.....#
#.# #..# #.# #.....#
#.# #..# #.# .....##
#.# #..# ..# #######
#.# #..# ### #.#
#..# #.###..#
########......######
.......@.gg...(.....
#############(######
.# (# o# .# .# ##


You could see 2 gnolls.

Vanquished Creatures
  A gnoll (D:3)
  2 adders (D:2)
  An ooze (D:1)
  A worm (D:2)
  A dart slug (D:2)
  An orc (D:3)
  A giant cockroach (D:1)
  12 goblins
  3 hobgoblins (D:1)
  2 jackals (D:1)
  7 bats
  8 frilled lizards
  4 kobolds
  3 rats
47 creatures vanquished.

Notes
Turn   | Place    | Note
-------+----------+-------------------------------------------
     0 | D:1      | Faca the Halfling Hunter began the quest for the Orb.
     0 | D:1      | Reached XP level 1. HP: 14/14 MP: 1/1
    40 | D:1      | Reached skill level 6 in Slings
    57 | D:1      | Reached XP level 2. HP: 19/19 MP: 2/2
   164 | D:1      | Reached XP level 3. HP: 24/24 MP: 3/3
   421 | D:1      | Reached skill level 7 in Slings
  1168 | D:2      | Reached XP level 4. HP: 22/29 MP: 4/4
  1251 | D:2      | Found a shattered altar of Ashenzari.
  1251 | D:2      | Found a sparkling altar of Nemelex Xobeh.
  1348 | D:2      | Found an ancient bone altar of Kikubaaqudgha.
  1381 | D:2      | Found a deep blue altar of Sif Muna.
  1382 | D:2      | Found a radiant altar of Vehumet.
  1395 | D:2      | Identified Vehumet's Handbook of Conjuration
  1408 | D:2      | Learned a level 1 spell: Magic Dart
  1454 | D:2      | Found a burning altar of Makhleb.
  1463 | D:2      | Found a hazy altar of Hepliaklqana.
  1470 | D:2      | Found a shimmering altar of Xom.
  1514 | D:2      | Learned a level 1 spell: Magic Dart
  1910 | D:3      | Slain by a gnoll

Vault maps used:
D:1:      dpeg_arrival_solitude, st_stairs_10
D:2:      grunt_temple_overflow_magic_moments, grunt_temple_overflow_diamond,
          gammafunk_temple_overflow_elements, first_bread,
          kennysheep_generic_room_3, uniq_crazy_yiuf_cottage

Skill      XL: |  1  2  3 |
---------------+----------+-----
Slings         | 6 7 |  7.8
Fighting       | 2 |  2.2
Armour         | |  0.7
Dodging        | |  2.3
Stealth        | |  1.1

Action                   |  1- 3 |  4- 6 || total
-------------------------+-------+-------++-------
Melee: Hunting sling     |     1 |       ||     1
 Fire: Hunting sling     |    75 |    46 ||   121
  Use: Scroll            |       |     5 ||     5
  Eat: Bread ration      |     1 |       ||     1
Armor: Leather armour    |     2 |     1 ||     3
Dodge: Dodged            |    19 |    10 ||    29
